 Dungeon Crawl Stone Soup version 0.21-a0-529-g8c7b3f5 (webtiles) character file.

1211 slep the Chopper (level 8, 0/66 HPs)
             Began as a Demonspawn Gladiator on Dec 11, 2017.
             Was a Follower of Okawaru.
             Shot with an arrow by a centaur (8 damage)
             ... on level 6 of the Dungeon.
             The game lasted 00:17:56 (5944 turns).

slep the Chopper (Demonspawn Gladiator)             Turns: 5944, Time: 00:17:57

Health: 0/66       AC:  8    Str: 13 (16) XL:     8   Next: 22%
Magic:  0/8        EV: 14    Int:  9 (10) God:    Okawaru [*.....]
Gold:   248        SH:  0    Dex: 14 (15) Spells: 7/7 levels left

rFire    + . .     SeeInvis .   a - +0 war axe
rCold    . . .     Gourm    .   (no shield)
rNeg     . . .     Faith    .   b - +0 leather armour
rPois    .         Spirit   +   (helmet restricted)
rElec    .         Reflect  .   (no cloak)
rCorr    .         Harm     .   v - +1 pair of gloves
MR       +....                  k - +0 pair of boots
Stlth    ++........             (no amulet)
HPRegen  0.21/turn              (no ring)
MPRegen  0.11/turn              (no ring)

@: no status effects
A: antennae 1, slimy green scales 1, fire resistance 1, magic resistance 1,
powered by death 1, robust 1, magic shield, MP-powered wands
a: Heroism, Renounce Religion


You were on level 6 of the Dungeon.
You worshipped Okawaru.
Okawaru was aware of your devotion.
You were very hungry.

You visited 2 branches of the dungeon, and saw 7 of its levels.

You collected 248 gold pieces.

Inventory:

Hand Weapons
 a - a +0 war axe (weapon)
Missiles
 d - 2 throwing nets (quivered)
 h - 4 javelins
Armour
 b - a +0 leather armour (worn)
 c - a +0 helmet
 k - a +0 pair of boots (worn)
 n - a +0 pair of gloves
 v - a +1 pair of gloves (worn)
Jewellery
 g - an uncursed ring of ice
Wands
 B - a wand of polymorph (18)
Scrolls
 e - 9 scrolls of identify {unknown}
 j - a scroll of teleportation {unknown}
 l - a scroll of noise {unknown}
 o - 4 scrolls of remove curse {unknown}
 u - a scroll of amnesia {unknown}
 w - a scroll of enchant armour {unknown}
 y - a scroll of fear {unknown}
 A - a scroll of brand weapon {unknown}
Potions
 q - a potion of curing
 r - 3 potions of degeneration
Books
 t - a book of Misfortune

   Spells                             Type                      Level
   a - Confusing Touch                Hexes                        1
   b - Confuse                        Hexes                        3
   c - Gell's Gravitas                Translocation                3
   d - Petrify                        Transmutation/Earth          4
   e - Metabolic Englaciation         Hexes/Ice                    5
   f - Yara's Violent Unravelling     Hexes/Transmutation          5
 z - a book of Maledictions

   Spells                             Type                      Level
   a - Corona                         Hexes                        1
   b - Ensorcelled Hibernation        Hexes/Ice                    2
   c - Confuse                        Hexes                        3
   d - Tukima's Dance                 Hexes                        3
   e - Dazzling Spray                 Conjuration/Hexes            3
Comestibles
 f - 4 bread rations
 m - 6 fruits
 s - a meat ration


   Skills:
 + Level 3.9 Fighting
 + Level 6.9 Axes
 + Level 2.0 Throwing
 + Level 2.9 Armour
 + Level 4.3 Dodging
 + Level 2.7 Stealth


You had 7 spell levels left.
You didn't know any spells.

Dungeon Overview and Level Annotations

Branches:
Dungeon (6/15)             Temple (1/1) D:5

Altars:
Ashenzari
Cheibriados
Dithmenos
Elyvilon
Gozag
Kikubaaqudgha
Nemelex Xobeh
Okawaru
Qazlal
Ru
Sif Muna
Trog
Uskayaw
Vehumet
Xom
The Shining One

Annotations:
D:6 Prince Ribbit


Innate Abilities, Weirdness & Mutations

You have a pair of small antennae on your head.
You are partially covered in slimy green scales. (AC +2)
You regenerate a little health from kills.
When hurt, damage is shared between your health and your magic reserves.
Your flesh is heat resistant. (rF+)
You are resistant to hostile enchantments. (MR+)
You are robust. (+10% HP)
You expend magic power (3 MP) to strengthen your wands.


Message History

The orc warrior closely misses you.
You hit the orc warrior but do no damage.
The orc warrior is moderately wounded.
The orc warrior hits you with a mace!
* * * LOW HITPOINT WARNING * * *
You hit the orc warrior.
The orc warrior is heavily wounded.
The orc warrior closely misses you.
You closely miss the orc warrior.
The orc warrior is heavily wounded.
The orc warrior closely misses you.
You hit the orc warrior but do no damage.
The orc warrior is heavily wounded.
The orc warrior hits you with a mace!!
* * * LOW HITPOINT WARNING * * *
Evoke which item? (* to show all) (? for menu, Esc to quit)
Okay, then.
The centaur wields a runed shortbow.
The centaur shoots an arrow.
The arrow hits you!
You die...

#.#....#####
#.#....##.. #.#
#..##.#####
#.###..##.....#
####'#..o{....##
#......#####c..#
#......#..#....#
#.........o....#
#......#..@....#.
######.###)......#
#....#.#..###
####.#.#.....
#...#.###. ###.#.#
.# .. #.


You could see an orc warrior and a centaur.

Vanquished Creatures
  Sigmund (D:2)
  A sky beast (D:5)
  An ice beast (D:4)
  3 ogres
  A centaur (D:6)
  2 crimson imps (D:5)
  A centaur skeleton (D:6)
  2 hounds
  An orc wizard (D:2)
  Jessica (D:2)
  2 iguanas (D:4)
  2 worker ants
  A howler monkey zombie (D:3)
  3 gnolls (D:5)
  9 adders
  A shadow imp (D:5)
  An ooze (D:3)
  An adder skeleton (D:5)
  An adder zombie (D:5)
  3 worms
  2 dart slugs
  4 leopard geckos
  10 orcs
  A ball python (D:3)
  4 giant cockroaches
  2 goblins
  7 hobgoblins
  9 jackals
  A quokka (D:4)
  5 bats
  5 frilled lizards
  A jackal skeleton (D:4)
  4 kobolds
  7 rats
100 creatures vanquished.

Notes
Turn   | Place    | Note
-------+----------+-------------------------------------------
     0 | D:1      | slep the Demonspawn Gladiator began the quest for the Orb.
     0 | D:1      | Reached XP level 1. HP: 16/16 MP: 1/1
   313 | D:1      | Gained mutation: When hurt, damage is shared between your health and your magic reserves. [demonic ancestry]
   313 | D:1      | Reached XP level 2. HP: 22/22 MP: 2/2
   326 | D:1      | Reached skill level 3 in Axes
   941 | D:2      | Reached skill level 1 in Armour
   941 | D:2      | Gained mutation: You have a pair of small antennae on your head. [demonic ancestry]
   941 | D:2      | Reached XP level 3. HP: 19/27 MP: 1/3
  1105 | D:2      | Noticed Sigmund
  1197 | D:3      | Gained mutation: You regenerate a little health from kills. [demonic ancestry]
  1197 | D:3      | Reached XP level 4. HP: 5/33 MP: 1/4
  1215 | D:3      | HP: 1/33 [poisoned by an adder]
  1574 | D:3      | Reached skill level 1 in Stealth
  1930 | D:3      | Reached XP level 5. HP: 34/39 MP: 3/5
  2080 | D:3      | Reached skill level 4 in Axes
  2583 | D:4      | Noticed an ogre
  2598 | D:4      | Killed an ogre
  2598 | D:4      | Reached XP level 6. HP: 20/46 MP: 2/6
  3073 | D:4      | Noticed an ice beast
  3084 | D:4      | Killed an ice beast
  3084 | D:4      | Reached skill level 5 in Axes
  3109 | D:4      | HP: 2/47 [poisoned by an adder]
  3622 | D:5      | Entered Level 5 of the Dungeon
  3662 | D:5      | Noticed a sky beast
  3679 | D:5      | Killed a sky beast
  3679 | D:5      | Gained mutation: You are partially covered in slimy green scales. (AC +2) [demonic ancestry]
  3679 | D:5      | Reached XP level 7. HP: 7/52 MP: 1/7
  3683 | D:5      | Gained mutation: You are resistant to hostile enchantments. (MR+) [mutagenic meat]
  3684 | D:5      | Gained mutation: Your flesh is heat resistant. (rF+) [mutagenic meat]
  3685 | D:5      | Gained mutation: You are robust. (+10% HP) [mutagenic meat]
  3686 | D:5      | Gained mutation: You expend magic power (3 MP) to strengthen your wands. [mutagenic meat]
  3986 | D:2      | Noticed Jessica
  3997 | D:2      | Killed Jessica
  4459 | D:2      | Killed Sigmund
  4562 | D:5      | Found a staircase to the Ecumenical Temple.
  4574 | Temple   | Entered the Ecumenical Temple
  4677 | Temple   | Became a worshipper of Warmaster Okawaru
  4856 | D:5      | Reached skill level 6 in Axes
  5272 | D:5      | Found a stormy altar of Qazlal.
  5804 | D:6      | Reached XP level 8. HP: 62/66 MP: 8/8
  5825 | D:6      | Found a white marble altar of Elyvilon.
  5832 | D:6      | Noticed Prince Ribbit
  5872 | D:6      | Reached * piety under Okawaru
  5944 | D:6      | Shot with an arrow by a centaur

Vault maps used:
D:1:      minmay_arrival_solitary_statue, hex_medium
D:2:      minmay_bisected, uniq_jessica, uniq_sigmund
D:4:      first_bread
D:5:      nicolae_overflow_hidden_temple, temple_fountains
D:6:      kennysheep_steamy, kennysheep_little_box, lightli_temple_of_fire,
          nicolae_overflow_crystal_walls, kennysheep_mini_moat,
          uniq_prince_ribbit1
Temple:   eino_narrow_crystal_temple

Skill      XL: |  1  2  3  4  5  6  7 |
---------------+----------------------+-----
Axes           | 3 4 5 6 |  6.9
Armour         | 1 2 |  2.9
Dodging        | 3 4 |  4.3
Stealth        | 1 2 |  2.7
Fighting       | 3 |  3.9
Throwing       | 2 |  2.0

Action                   |  1- 3 |  4- 6 |  7- 9 || total
-------------------------+-------+-------+-------++-------
Melee: War axe           |    89 |   173 |   158 ||   420
Throw: Throwing net      |       |     2 |       ||     2
  Use: Potion            |       |     1 |     6 ||     7
 Stab: Sleeping          |     2 |     3 |     4 ||     9
       Held in net/web   |       |     2 |       ||     2
  Eat: Chunk             |     1 |     8 |    10 ||    19
Armor: Leather armour    |    19 |    40 |    47 ||   106
Dodge: Dodged            |    57 |   116 |   123 ||   296

Table legend:
 A = Spawn XP
 B = Non-spawn XP
 C = Spawn XP percentage of total XP
 D = Spawn monster count
 E = Non-spawn monster count
 F = Spawn count percentage of total count
 G = Total turns spent on level
                    A         B        C        D         E        F      G
               +---------+---------+-------+---------+---------+-------+---------
         Total |       0 |    1731 |   0.0 |       0 |     100 |   0.0 |  5944
               +---------+---------+-------+---------+---------+-------+---------
           D:1 |       0 |      33 |   0.0 |       0 |      18 |   0.0 |   905
           D:2 |       0 |     355 |   0.0 |       0 |      28 |   0.0 |   956
           D:3 |       0 |     146 |   0.0 |       0 |      21 |   0.0 |  1203
           D:4 |       0 |     457 |   0.0 |       0 |      17 |   0.0 |  1404
           D:5 |       0 |     434 |   0.0 |       0 |      11 |   0.0 |  1160
           D:6 |       0 |     306 |   0.0 |       0 |       5 |   0.0 |   171
               +---------+---------+-------+---------+---------+-------+---------
